 Dungeon Crawl Stone Soup version 0.29-a0-284-gf9362112df (webtiles) character file.

Game seed: 5196977786361987875

87 rabbitsville the Covered (level 4, -1/32 HPs)
             Began as a Gnoll Wanderer on Mar 23, 2022.
             Slain by Terence
             ... wielding a +0 mace
              (7 damage)
             ... on level 2 of the Dungeon.
             The game lasted 00:08:53 (2958 turns).

rabbitsville the Covered (Gnoll Wanderer)           Turns: 2958, Time: 00:08:53

Health: -1/32      AC: 10    Str:  8    XL:     4   Next: 51%
Magic:  8/8        EV:  5    Int: 14    God:
Gold:   57         SH:  0    Dex: 20    Spells: 8/9 levels left

rFire   . . .      SeeInvis .   g - +0 whip (vamp)
rCold   . . .      Faith    .   (no shield)
rNeg    . . .      Spirit   .   d - +0 chain mail
rPois   .          Reflect  .   (no helmet)
rElec   .          Harm     .   (no cloak)
rCorr   .          Rampage  .   (no gloves)
Will    .....                   (no boots)
Stlth   ..........              r - amulet of the acrobat
HPRegen 0.10/turn               p - +6 ring of dexterity
MPRegen 0.11/turn               (no ring)

@: no status effects
A: fangs 1, strong nose, distributed training
a: no special abilities


You were on level 2 of the Dungeon.
You visited 1 branch of the dungeon, and saw 3 of its levels.

You collected 57 gold pieces.

Inventory:

Hand Weapons
 a - a +0 dagger
 g - a +0 vampiric whip (weapon)
Missiles
 l - 5 silver javelins
Armour
 d - a +0 chain mail (worn)
Jewellery
 h - an amulet of reflection
 i - an amulet of magic regeneration
 p - a +6 ring of dexterity (left hand)
 r - an amulet of the acrobat (around neck)
Scrolls
 b - 2 scrolls of teleportation
 k - a scroll of holy word {unknown}
 m - a scroll of enchant weapon {unknown}
 n - 2 scrolls of identify {unknown}
 o - a scroll of vulnerability {unknown}
 q - a scroll of blinking {unknown}
Potions
 c - 2 potions of haste
 e - a potion of flight {unknown}
 f - 2 potions of heal wounds {unknown}
 j - a potion of attraction {unknown}
 s - a potion of curing {unknown}


   Skills:
 + Level 1.1 Fighting
 + Level 1.1 Short Blades
 + Level 1.1 Long Blades
 + Level 1.1 Axes
 + Level 1.1 Maces & Flails
 + Level 1.1 Polearms
 + Level 1.1 Staves
 + Level 1.1 Slings
 + Level 1.1 Bows
 + Level 1.1 Crossbows
 + Level 1.1 Throwing
 + Level 6.6 Armour
 + Level 4.6 Dodging
 + Level 4.2 Stealth
 + Level 1.1 Shields
 + Level 1.1 Unarmed Combat
 + Level 3.0 Spellcasting
 + Level 0.9 Conjurations
 + Level 2.2 Hexes
 + Level 0.9 Summonings
 + Level 0.9 Necromancy
 + Level 0.9 Translocations
 + Level 0.9 Transmutations
 + Level 0.9 Fire Magic
 + Level 0.9 Ice Magic
 + Level 0.9 Air Magic
 + Level 0.9 Earth Magic
 + Level 0.9 Poison Magic
 + Level 1.2 Invocations
 + Level 2.7 Evocations


You had 8 spell levels left.
You knew the following spells:

 Your Spells              Type           Power      Damage    Failure   Level
a - Slow                  Hex            32%        N/A       100%        1

Your spell library contained the following spells:

 Spells                   Type           Power      Damage    Failure   Level
 Summon Guardian Golem    Hex/Summ       6%         N/A       100%        3


Dungeon Overview and Level Annotations

Branches:
Dungeon (3/15)

Altars:

Annotations:
D:2 Terence


Innate Abilities, Weirdness & Mutations

You have very sharp teeth.
Your uncanny sense of smell can sniff out nearby items.
Your experience applies equally to all skills.


Message History

Terence hits you but does no damage.
You hit Terence.
Terence is moderately wounded.
Terence hits you but does no damage.
You hit Terence but do no damage.
Terence is moderately wounded.
Terence hits you with a +0 mace.
You barely miss Terence.
Terence is moderately wounded.
Terence hits you but does no damage.
You hit Terence but do no damage.
Terence is moderately wounded.
Terence hits you but does no damage.
You hit Terence but do no damage.
Terence is moderately wounded.
Terence hits you with a +0 mace.
You barely miss Terence.
Terence is moderately wounded.
Terence hits you with a +0 mace.
You hit Terence.
You feel better.
Terence is heavily wounded.
Terence hits you with a +0 mace.
You hit Terence but do no damage. You punch Terence, but do no damage.
Terence is heavily wounded.
Terence zaps a wand.
The puff of flame hits you!
* * * LOW HITPOINT WARNING * * *
You hit Terence.
You feel better.
Terence is heavily wounded.
Terence hits you but does no damage.
You hit Terence.
You feel better.
You bite Terence, but do no damage.
Terence is severely wounded.
Terence completely misses you.
You closely miss Terence.
Terence is severely wounded.
Terence hits you with a +0 mace.
* * * LOW HITPOINT WARNING * * *
You closely miss Terence.
Terence is severely wounded.
Terence hits you with a +0 mace!
You die...

#......###.##########
#......# #.# #......#
#.# #......# #.# ##
#......# #.# #.
#....†.###.# #.
#..........# #.
#.############### #.
#.# #..@@....# #. #.#
#.######.# #. #.# #.#
#$# #. #.# #.# #.# ##
#.######.# #.#
#>.......# #@#
########## #.# #.#
#.#


You could see Terence.

Vanquished Creatures
  3 adders (D:2)
  4 dart slugs
  5 ball pythons
  3 bats (D:1)
  4 endoplasms
  5 giant cockroaches
  6 goblins
  4 hobgoblins
  3 quokkas
  5 frilled lizards
  4 kobolds (D:1)
  A rat (D:2)
47 creatures vanquished.

Notes
Turn   | Place    | Note
-------+----------+-------------------------------------------
     0 | D:1      | rabbitsville the Gnoll Wanderer began the quest for the
                  | Orb.
     0 | D:1      | rabbitsville set off with the following items: a +0 dagger,
                  | a scroll of teleportation, a potion of haste, a +0 chain
                  | mail; and the following spell memorised: Slow; and the
                  | following spells available to memorise: Summon Guardian
                  | Golem
     0 | D:1      | Reached XP level 1. HP: 13/13 MP: 4/4
   192 | D:1      | Reached XP level 2. HP: 19/19 MP: 5/5
   228 | D:1      | Found a faded altar of an unknown god.
   835 | D:1      | Reached XP level 3. HP: 25/25 MP: 7/7
  1351 | D:2      | Reached skill level 1 in Invocations
  1482 | D:2      | Reached skill level 1 in Fighting
  1482 | D:2      | Reached skill level 1 in Short Blades
  1482 | D:2      | Reached skill level 1 in Long Blades
  1482 | D:2      | Reached skill level 1 in Axes
  1482 | D:2      | Reached skill level 1 in Maces & Flails
  1482 | D:2      | Reached skill level 1 in Polearms
  1482 | D:2      | Reached skill level 1 in Staves
  1482 | D:2      | Reached skill level 1 in Slings
  1482 | D:2      | Reached skill level 1 in Bows
  1482 | D:2      | Reached skill level 1 in Crossbows
  1482 | D:2      | Reached skill level 1 in Throwing
  1482 | D:2      | Reached skill level 1 in Shields
  1482 | D:2      | Reached skill level 1 in Unarmed Combat
  2105 | D:2      | Noticed Terence
  2371 | D:2      | Reached XP level 4. HP: 23/32 MP: 8/8
  2958 | D:2      | Slain by Terence

Illustrated notes

Levels and vault maps discovered:
D:1:      amcnicky_arrival_choice, layout_loops_cross,
          shapermc_ecumenical_altar_hornbeckon
D:2:      layout_basic, kennysheep_generic_room_3, uniq_terence
D:3:      cheibrodos_greedy_goblins, layout_loops_corners, serial_shops, shop

Skill      XL: |  1  2  3  4 |
---------------+-------------+-----
Hexes          | 2 |  2.2
Invocations    | 1 |  1.2
Fighting       | 1 |  1.1
Short Blades   | 1 |  1.1
Long Blades    | 1 |  1.1
Axes           | 1 |  1.1
Maces & Flails | 1 |  1.1
Polearms       | 1 |  1.1
Staves         | 1 |  1.1
Slings         | 1 |  1.1
Bows           | 1 |  1.1
Crossbows      | 1 |  1.1
Throwing       | 1 |  1.1
Shields        | 1 |  1.1
Unarmed Combat | 1 |  1.1
Spellcasting   | 3 |  3.0
Armour         | |  6.6
Dodging        | |  4.6
Stealth        | |  4.2
Conjurations   | |  0.9
Summonings     | |  0.9
Necromancy     | |  0.9
Translocations | |  0.9
Transmutations | |  0.9
Fire Magic     | |  0.9
Ice Magic      | |  0.9
Air Magic      | |  0.9
Earth Magic    | |  0.9
Poison Magic   | |  0.9
Evocations     | |  2.7

Action                   |  1- 3 |  4- 6 || total
-------------------------+-------+-------++-------
Melee: Dagger            |    63 |       ||    63
       Bite              |    20 |     9 ||    29
       Punch             |     5 |     1 ||     6
       Whip              |   156 |    81 ||   237
Armor: Chain mail        |   134 |    53 ||   187
Dodge: Dodged            |    34 |    14 ||    48
Block: Other             |    37 |    11 ||    48
       Reflection        |     1 |       ||     1

Table legend: (Time is in decaauts)
 A = Elapsed time spent in this place.
 B = Non-inter-level travel time spent in this place.
 C = Inter-level travel time spent in this place.
 D = Time resting spent in this place.
 E = Time spent auto-exploring this place.
 F = Levels seen in this place.
 G = Mean time per level.
                   A        B        C        D        E       F      G
               +--------+--------+--------+--------+--------+-----+--------+
         Total |   2982 |   2923 |     59 |   1052 |    700 |   3 |  994.0 |
       Dungeon |   2982 |   2923 |     59 |   1052 |    700 |   3 |  994.0 |
               +--------+--------+--------+--------+--------+-----+--------+

Top non-repeatable levels by time:
     D:1: 1687 daAuts
     D:2: 1284 daAuts
     D:3: 10 daAuts
